 Dungeon Crawl Stone Soup version 0.24.0-123-gd5b16e6ec5 (webtiles) character file.

Game seed: 16486282719548690113, levelgen mode: deterministic

1136 1994 the Chiller (level 7, -3/50 HPs)
             Began as a Demigod Ice Elementalist on Jan 24, 2020.
             Slain by a gnoll
             ... wielding a +0 spear
              (7 damage)
             ... on level 4 of the Dungeon.
             The game lasted 00:15:39 (5217 turns).

1994 the Chiller (Demigod Ice Elementalist)         Turns: 5217, Time: 00:15:40

Health: -3/50      AC:  5    Str: 11    XL:     7   Next: 91%
Magic:  6/16       EV: 12    Int: 23    God:
Gold:   241        SH:  0    Dex: 16    Spells: 3/13 levels left

rFire    . . .     SeeInvis .   b - +0 long sword
rCold    . . .     Gourm    .   (no shield)
rNeg     . . .     Faith    .   q - +0 leather armour
rPois    .         Spirit   .   G - +0 helmet
rElec    .         Reflect  .   D - scarf {repulsion}
rCorr    .         Harm     .   k - +0 pair of gloves
MR       .....                  (no boots)
Stlth    ++........             (no amulet)
HPRegen  0.16/turn              r - ring of stealth
MPRegen  0.15/turn              (no ring)

@: repel missiles, very slow
A: high mp 1
a: no special abilities


You were on level 4 of the Dungeon.
You were hungry.

You visited 1 branch of the dungeon, and saw 4 of its levels.

You collected 241 gold pieces.

Inventory:

Hand Weapons
 a - a +0 dagger
 b - a +0 long sword (weapon)
Missiles
 f - 46 sling bullets
 i - 2 throwing nets
 j - 65 stones
 p - 3 curare-tipped darts
 E - 6 poisoned darts (quivered)
Armour
 k - a +0 pair of gloves (worn)
 q - a +0 leather armour (worn)
 A - a +3 ring mail of fire resistance
 D - a scarf of repulsion (worn)
 G - a +0 helmet (worn)
Jewellery
 r - a ring of stealth (left hand)
Wands
 v - a wand of random effects (15)
 B - a wand of iceblast (11)
Scrolls
 d - 2 scrolls of blinking {unknown}
 l - a scroll of immolation
 n - 2 scrolls of teleportation
 u - 2 scrolls of remove curse {unknown}
 y - 2 scrolls of amnesia {unknown}
 C - a scroll of noise {unknown}
 H - a scroll of enchant weapon {unknown}
Potions
 e - a potion of brilliance
 g - 2 potions of flight
 h - a potion of might
 m - a potion of ambrosia {unknown}
 o - 3 potions of agility
 s - a potion of haste {unknown}
 t - a potion of heal wounds {unknown}
 w - a potion of lignification {unknown}
 x - a potion of curing {unknown}
 z - a potion of resistance {unknown}
Comestibles
 c - 12 rations
 F - 4 chunks of flesh


   Skills:
 - Level 1.7 Dodging
 - Level 1.7 Stealth
 + Level 3.9 Spellcasting
 * Level 5.1 Conjurations
 - Level 2.0 Charms
 * Level 6.1 Ice Magic


You had 3 spell levels left.
You knew the following spells:

 Your Spells              Type           Power        Failure   Level  Hunger
a - Freeze                Ice            ####         1%          1    None
b - Throw Frost           Conj/Ice       ####..       1%          2    #......
c - Ozocubu's Armour      Chrm/Ice       ###.....     8%          3    ##.....
d - Throw Icicle          Conj/Ice       ####....     14%         4    ####...

Your spell library contained the following spells:

 Spells                   Type           Power        Failure   Level  Hunger
 Magic Dart               Conj           ####         1%          1    None
 Ensorcelled Hibernation  Hex/Ice        ###...       6%          2    #......
 Corona                   Hex            #......      14%         1    None
 Conjure Flame            Conj/Fire      ###.....     14%         3    ##.....
 Dazzling Spray           Conj/Hex       ###...       14%         3    ##.....
 Mephitic Cloud           Conj/Pois/Air  ##......     21%         3    ##.....
 Blink                    Tloc           N/A          22%         2    #......
 Call Imp                 Summ           #.......     22%         2    #......
 Slow                     Hex            #.......     22%         2    #......
 Confuse                  Hex            #.......     38%         3    ##.....
 Tukima's Dance           Hex            #.......     38%         3    ##.....
 Summon Ice Beast         Ice/Summ       ###.....     36%         4    ####...


Dungeon Overview and Level Annotations

Branches:
Dungeon (4/15)
 Temple: D:4-7

Annotations:
D:3 1 runed translucent door, ivanetc's ghost, amateur TrBe


Innate Abilities, Weirdness & Mutations

You have an increased reservoir of magic. (+10% MP)


Message History

The gnoll is lightly wounded.
The gnoll barely misses you.
The gnoll hits you with a +0 flail of crushing!
* * * LOW HITPOINT WARNING * * *
x2 The gnoll barely misses you.
Your icy armour cracks and falls away as you move.
The gnoll misses you.
You riposte.
You closely miss the gnoll. The gnoll closely misses you.
There is an open door here.
You see here a +0 spear.
There is an open door, spattered with blood here.
Things that are here:
a +0 club; a +0 whip
Things that are here:
a +0 whip; a +0 robe You enter the shallow water.
Moving in this stuff is going to be slow.
The gnoll splashes around in the water.
The gnoll hits you from afar with a +0 spear!
You die...

#####################
#......P.............
#..............P.....
#....≈≈≈≈≈≈≈≈≈≈≈≈≈≈≈≈
#....≈≈≈≈≈≈≈≈@≈≈≈≈≈≈≈
#....≈≈#####≈g≈≈≈≈≈≈≈
#....≈≈#...#)g.......
#....≈≈#...#g########
#....≈≈###'#)...+
#....≈≈≈.#.#....#
#....≈≈≈.#)#....#
#....≈≈≈.#)###'##
#....≈≈≈.#......#


You could see 3 gnolls.

Vanquished Creatures
  Eustachio (D:4)
  Edmund (D:4)
  An ogre (D:4)
  A sky beast (D:3)
  A scorpion (D:4)
  A hound (D:4)
  2 gnoll shamans (D:4)
  Ijyb (D:4)
  Terence (D:3)
  Natasha (thrice) (D:2)
  3 worker ants (D:4)
  Robin (D:4)
  6 adders
  22 gnolls (D:4)
  A worm (D:4)
  3 dart slugs
  5 leopard geckos
  An orc (D:3)
  4 bats
  3 giant cockroaches
  19 goblins
  9 hobgoblins
  10 jackals
  A quokka (D:3)
  5 frilled lizards
  12 kobolds
  10 rats
128 creatures vanquished.

Vanquished Creatures (others)
  A plant (D:4)
1 creature vanquished.

Grand Total: 129 creatures vanquished

Notes
Turn   | Place    | Note
-------+----------+-------------------------------------------
     0 | D:1      | 1994 the Demigod Ice Elementalist began the quest for the
                  | Orb.
     0 | D:1      | Reached XP level 1. HP: 14/14 MP: 5/5
   108 | D:1      | Reached skill level 3 in Ice Magic
   196 | D:1      | Reached XP level 2. HP: 20/20 MP: 5/7
   200 | D:1      | Learned a level 2 spell: Throw Frost
   249 | D:1      | Reached skill level 1 in Conjurations
   626 | D:1      | Found a sparkling altar of Nemelex Xobeh.
  1040 | D:2      | Reached XP level 3. HP: 26/26 MP: 5/8
  1143 | D:2      | Noticed Natasha
  1148 | D:2      | Killed Natasha
  1518 | D:2      | Noticed Natasha
  1524 | D:2      | Killed Natasha
  1524 | D:2      | Reached XP level 4. HP: 33/33 MP: 5/10
  1582 | D:2      | Learned a level 3 spell: Ozocubu's Armour
  1614 | D:2      | Noticed Natasha
  1680 | D:2      | Killed Natasha
  1756 | D:3      | Reached skill level 4 in Ice Magic
  1773 | D:3      | Found a runed translucent door.
  1953 | D:3      | Found a stormy altar of Qazlal.
  2230 | D:3      | Reached XP level 5. HP: 38/38 MP: 1/11
  2347 | D:3      | Noticed Terence
  2355 | D:3      | Killed Terence
  2355 | D:3      | Reached skill level 1 in Charms
  2458 | D:3      | Noticed ivanetc's ghost (amateur TrBe)
  2596 | D:4      | Noticed a sky beast
  2623 | D:3      | Killed a sky beast
  2878 | D:4      | Reached XP level 6. HP: 43/45 MP: 6/13
  3005 | D:4      | Noticed Ijyb
  3019 | D:4      | Learned a level 4 spell: Throw Icicle
  3028 | D:4      | Killed Ijyb
  3711 | D:4      | Found a stormy altar of Qazlal.
  3748 | D:4      | Reached skill level 5 in Ice Magic
  3990 | D:4      | Noticed Edmund
  4028 | D:4      | Killed Edmund
  4028 | D:4      | Reached XP level 7. HP: 43/50 MP: 6/15
  4187 | D:4      | Noticed Eustachio
  4193 | D:4      | Killed Eustachio
  4306 | D:4      | Found a snail-covered altar of Cheibriados.
  4408 | D:4      | Noticed Robin
  4419 | D:4      | Killed Robin
  4989 | D:4      | Reached skill level 5 in Conjurations
  5001 | D:4      | Reached skill level 6 in Ice Magic
  5205 | D:4      | HP: 2/50 [gnoll/+0 flail of crushing (1)]
  5217 | D:4      | Slain by a gnoll

Levels and vault maps discovered:
D:1:      dpeg_arrival_round_b, layout_rooms, nemelex_xobeh_ov_fountains_minmay
D:2:      layout_basic, kennysheep_generic_room_10, uniq_natasha
D:3:      kennysheep_big_flooded_room, layout_rooms, ebering_ghost_sewer_d,
          first_ration, st_stairs_9, nicolae_qazlal_general_emergency,
          uniq_terence
D:4:      lemuel_castle_with_subvaults [lemuel_castle_interior_carwin_1],
          layout_basic, grunt_temple_overflow_champion_of_chaos,
          lemuel_coloured_pillars_altar, serial_co_window_serial,
          co_window_of_opportunity_a, co_window_corner_a, co_window_paths_b,
          co_window_corner_a, co_window_cross_1, co_window_paths_a,
          co_window_corner_a, co_window_corner_ca, co_window_2corner,
          co_window_corner_b, co_window_paths_c, co_window_corner_cb,
          glass_columns_b, glass_columns_a, glass_columns_a, glass_columns_a,
          kennysheep_slug_shrine, uniq_eustachio, uniq_ijyb, uniq_robin,
          uniq_edmund

Skill      XL: |  1  2  3  4  5  6  7 |
---------------+----------------------+-----
Ice Magic      | 3 4 5 6 |  6.1
Spellcasting   | 2 3 |  3.9
Conjurations   | 1 2 3 4 5 |  5.1
Charms         | 1 2 |  2.0
Dodging        | |  1.7
Stealth        | |  1.7

Action                   |  1- 3 |  4- 6 |  7- 9 || total
-------------------------+-------+-------+-------++-------
Melee: Unarmed           |     5 |       |       ||     5
       Dagger            |    18 |    11 |       ||    29
       Long sword        |       |     9 |    25 ||    34
Throw: Dart              |       |     9 |     2 ||    11
       Throwing net      |       |     1 |       ||     1
 Cast: Freeze            |    50 |    78 |    59 ||   187
       Throw Frost       |     6 |    27 |    16 ||    49
       Ozocubu's Armour  |       |     3 |     1 ||     4
       Throw Icicle      |       |       |     1 ||     1
  Use: Scroll            |       |     6 |       ||     6
 Stab: Sleeping          |     3 |       |       ||     3
  Eat: Chunk             |     3 |     8 |     4 ||    15
Armor: Robe              |     7 |       |       ||     7
       Leather armour    |     1 |    21 |    14 ||    36
Dodge: Dodged            |    36 |    43 |    54 ||   133
       Rpst.: Long sword |       |     4 |    11 ||    15
